 Dungeon Crawl Stone Soup version 0.26-a0-652-gafc20e3620 (webtiles) character file.

Game seed: 10699035372485202391

(classic levelgen) 17 EnegeticOcto the Cudgeler (level 2, 13/23 HPs)
             Began as a Mummy Gladiator on Sept 27, 2020.
             Quit the game on level 1 of the Dungeon on Oct 1, 2020.
             The game lasted 00:03:49 (378 turns).

EnegeticOcto the Cudgeler (Mummy Gladiator)          Turns: 378, Time: 00:03:50

Health: 13/23      AC:  9    Str: 17    XL:     2   Next: 44%
Magic:  2/2        EV:  7    Int:  7    God:
Gold:   16         SH:  0    Dex: 13    Spells: 1/1 levels left

rFire    x . .     SeeInvis .   a - +0 flail
rCold    + . .     Faith    .   (no shield)
rNeg     + + +     Spirit   .   e - +0 chain mail
rPois    ∞         Reflect  .   c - +0 helmet
rElec    .         Harm     .   (no cloak)
rCorr    .         Rampage  .   (no gloves)
MR       .....                  (no boots)
Stlth    ..........             (no amulet)
HPRegen  0.07/turn              (no ring)
MPRegen  0.08/turn              (no ring)

@: no status effects
A: no potions, fire vulnerability, cold resistance 1, negative energy resistance
3, torment resistance, unbreathing
a: no special abilities


You were on level 1 of the Dungeon.
You visited 1 branch of the dungeon, and saw 2 of its levels.

You collected 16 gold pieces.

Inventory:

Hand Weapons
 a - a +0 flail (weapon)
Missiles
 d - 3 throwing nets (quivered) {!f}
Armour
 b - a +0 leather armour
 c - a +0 helmet (worn)
 e - a +0 chain mail (worn)


   Skills:
 + Level 2.4 Fighting
 * Level 3.0 Maces & Flails
 - Level 1.5 Throwing
 - Level 2.4 Dodging


You had one spell level left.
You didn't know any spells.
Your spell library was empty.

Dungeon Overview and Level Annotations

Branches:
Dungeon (2/15)

Altars:


Innate Abilities, Weirdness & Mutations

You do not drink.
Your flesh is vulnerable to fire.
You are immune to poison.
Your flesh is cold resistant. (rC+)
You are immune to negative energy. (rN+++)
You are immune to unholy pain and torment.
You can survive without breathing.


Message History

The goblin is heavily wounded.
The goblin hits you but does no damage.
The kobold hits you with a +0 short sword.
The goblin barely misses you. The kobold closely misses you.
The goblin barely misses you.
You miss the goblin.
The goblin is heavily wounded.
The goblin hits you with a +0 dagger. The kobold hits you but does no damage.
The goblin hits you but does no damage.
Your chain mail prevents you from hitting the goblin.
The goblin is heavily wounded.
The goblin hits you but does no damage. The goblin barely misses you.
The goblin barely misses you.
You hit the goblin.
You kill the goblin!
The goblin completely misses you.
You miss the goblin. The kobold barely misses you.
The goblin hits you but does no damage. The goblin barely misses you.
The kobold hits you but does no damage.
You barely miss the goblin. The goblin hits you but does no damage.
The goblin barely misses you.
The kobold hits you with a +0 short sword.
You hit the goblin but do no damage. The goblin closely misses you.
The goblin hits you but does no damage. The kobold completely misses you.
The goblin hits you but does no damage.
You barely miss the goblin. The goblin barely misses you.
The kobold hits you but does no damage. The goblin hits you with a +0 dagger.
The goblin hits you but does no damage.
You hit the goblin.
You kill the goblin!
The kobold completely misses you. The goblin barely misses you.
The kobold hits you but does no damage.
You barely miss the kobold. The goblin hits you but does no damage.
The kobold barely misses you.
You hit the kobold.
You kill the kobold!
The goblin closely misses you.
You closely miss the goblin. The goblin hits you with a +0 club.
You hit the goblin.
You kill the goblin!
No target in view!
No target in view!
No target in view!
No target in view!
No target in view!
No target in view!
Items here: )) ††.
Unknown command.
Unknown command.
Unknown command.
Unknown command.
Unknown command.
Unknown command.
Unknown command.
Unknown command.
Unknown command.
Unknown command.
Unknown command.
Unknown command.
Unknown command.
Saving game... please wait.
Welcome back, EnegeticOcto the Mummy Gladiator.
Press ? for a list of commands and other information.
The kobold shouts!
The kobold throws a stone.
The stone hits you but does no damage.
You see here a stone.
The kobold throws a stone.
The stone barely misses you. The kobold hits you but does no damage.
You barely miss the kobold. The hobgoblin completely misses you.
The kobold hits you but does no damage. The hobgoblin hits you.
You are too injured to fight recklessly!
You are too injured to fight recklessly!
You are too injured to fight recklessly!
You closely miss the hobgoblin. The kobold barely misses you.
The hobgoblin barely misses you.
You sock the hobgoblin!
You kill the hobgoblin!
The kobold hits you but does no damage. x2
You closely miss the kobold. The kobold hits you but does no damage.
You miss the kobold. The kobold barely misses you.
You closely miss the kobold. The kobold hits you but does no damage.
You sock the kobold!
You kill the kobold!
Your Maces & Flails skill increases to level 3!
Things that are here:
a +0 club; 2 stones Unknown command.
Saving game... please wait.
Welcome back, EnegeticOcto the Mummy Gladiator.
Press ? for a list of commands and other information.
Unknown command.
Unknown command.
Unknown command.
Unknown command.
Unknown command.
Unknown command.
Unknown command.
Welcome back, EnegeticOcto the Mummy Gladiator.
Press ? for a list of commands and other information.
Are you sure you want to abandon this character and quit the game? (Confirm with "yes".)

#.........#
#.........####
#............#
#..........))#
#..........).#
#.........####
#.........### ..
#.....(.>.'.# ...
#.......@.#.###....
#.....(..(.........
###.........[......
#.........#...(#.
#.......†........
##......(.#....##.
..........#....#
....##............
.... #............


There were no monsters in sight!

Vanquished Creatures
  2 giant cockroaches
  4 goblins
  A hobgoblin (D:1)
  3 kobolds (D:1)
  3 bats
  2 frilled lizards
  2 rats (D:2)
17 creatures vanquished.

Notes
Turn   | Place    | Note
-------+----------+-------------------------------------------
     0 | D:1      | EnegeticOcto the Mummy Gladiator began the quest for the
                  | Orb.
     0 | D:1      | Reached XP level 1. HP: 16/16 MP: 1/1
   269 | D:2      | Reached XP level 2. HP: 21/22 MP: 2/2
   355 | D:1      | Upgraded the game from 0.26-a0-649-gf8c6c3aab7 to
                  | 0.26-a0-651-gb41185065b
   367 | D:1      | Reached skill level 3 in Maces & Flails
   378 | D:1      | Upgraded the game from 0.26-a0-651-gb41185065b to
                  | 0.26-a0-652-gafc20e3620
   378 | D:1      | Quit the game

Illustrated notes

Levels and vault maps discovered:
D:1:      dpeg_arrival_circle_labyrinth_c, layout_basic
D:2:      layout_basic, grunt_gozag_statues, bloody_trog

Skill      XL: |  1  2 |
---------------+-------+-----
Maces & Flails | 3 |  3.0
Fighting       | |  2.4
Throwing       | |  1.5
Dodging        | |  2.4

Action                   || total
-------------------------++-------
Melee: Flail             ||    69
Armor: Leather armour    ||    23
       Chain mail        ||    25
Dodge: Dodged            ||    70

Table legend: (Time is in decaauts)
 A = Elapsed time spent in this place.
 B = Non-inter-level travel time spent in this place.
 C = Inter-level travel time spent in this place.
 D = Time resting spent in this place.
 E = Time spent auto-exploring this place.
 F = Levels seen in this place.
 G = Mean time per level.
                   A        B        C        D        E       F      G
               +--------+--------+--------+--------+--------+-----+--------+
         Total |    396 |    393 |      3 |      0 |      0 |   2 |  198.0 |
       Dungeon |    396 |    393 |      3 |      0 |      0 |   2 |  198.0 |
               +--------+--------+--------+--------+--------+-----+--------+

Top non-repeatable levels by time:
     D:1: 247 daAuts
     D:2: 149 daAuts
